 Dungeon Crawl Stone Soup version 0.28-a0-1038-g9c4cb8273d (webtiles) character file.

Game seed: 17677616434357388430

0 spiderkeys the Ducker (level 1, -2/10 HPs)
             Began as a Felid Abyssal Knight on Dec 8, 2021.
             Was an Initiate of Lugonu.
             Frozen to death by an endoplasm (5 damage)
             ... on level 1 of the Dungeon.
             The game lasted 00:02:41 (360 turns).

spiderkeys the Ducker (Felid Abyssal Knight)         Turns: 360, Time: 00:02:42

Health: -2/10      AC:  1    Str:  9    XL:     1   Next: 8%
Magic:  3/3        EV: 18    Int: 11    God:    Lugonu [......]
Gold:   12         SH:  0    Dex: 16    Spells: 0/0 levels left
                                        Lives:  0   Deaths: 0

rFire   . . .      SeeInvis +     - Unarmed
rCold   . . .      Faith    .   (shield unavailable)
rNeg    . . .      Spirit   .   (armour unavailable)
rPois   .          Reflect  .   (helmet unavailable)
rElec   .          Harm     .   (cloak unavailable)
rCorr   .          Rampage  .   (gloves unavailable)
Will    .....                   (boots unavailable)
Stlth   +.........              g - amulet of regeneration
HPRegen 0.83/turn               (no ring)
MPRegen 0.08/turn               (no ring)

@: quick
A: very small, claws 1, fangs 3, see invisible, speed 1, shaggy fur 1, stealthy
paws, no weapons or thrown items, no armour, multi-lived
a: Renounce Religion


You were on level 1 of the Dungeon.
You worshipped Lugonu.
Lugonu was noncommittal.
You visited 1 branch of the dungeon, and saw 1 of its levels.
You visited the Abyss 1 time.

You collected 12 gold pieces.


Innate Abilities, Weirdness & Mutations

You have sharp claws.
You have razor-sharp teeth.
You have supernaturally acute eyesight. (SInv)
You cover ground quickly. (Speed+)
You are covered in fur. (AC +1)
Your paws help you pounce on unaware monsters.
You are incapable of wielding weapons or throwing items.
You cannot wear armour.
You gain extra lives every three experience levels.


   Skills:
 + Level 3.0 Fighting
 + Level 3.2 Dodging
 + Level 2.0 Unarmed Combat
 + Level 1.8 Invocations


You couldn't memorise any spells.
You didn't know any spells.
Your spell library was empty.

Inventory:

Jewellery
 g - an amulet of regeneration (around neck)
   (You found it on level 3 of the Abyss)
Scrolls
 b - a scroll of teleportation {@r4}
Potions
 a - a potion of flight {unknown}

Dungeon Overview and Level Annotations

Branches:
Dungeon (1/15)

Altars:

# ## ### #.##.#.
..# #.##.#. #.#
#.# ... #.# #.#
#.###.# ## #.#
#.....# .# #.#
###.#.#
.######.######.#@#
...............#J#
.######.########.#
.# #.# #.# .# #.#
#.# .####
#.########.#
....###...........
##.#..........##.#
..###.#######.#


You could see an endoplasm.


Message History

* * * LOW HITPOINT WARNING * * *
😨 HP[-6]
You take 6 damage, and now have 4/10 hp.
MASSIVE DAMAGE!! (PAUSE)
The jumping spider changes into a wind drake!
The wind drake begins repelling missiles!
A large abomination comes into view.
The wind drake changes into a sea snake!
A chaos spawn comes into view.
As you read the scroll of teleportation {@r4}, it crumbles to dust.
You feel strangely unstable.
You feel the power of the Abyss delaying your translocation!
The chaos spawn hisses angrily.
A smoke demon comes into view. 😨 HP[+1]
The chaos spawn misses you.
A ynoxinul comes into view.
An eye of devastation comes into view.
A will-o-the-wisp comes into view.
The will-o-the-wisp gives a chilling moan.
The chaos spawn briefly grows a face disturbingly similar to your own.
You are suddenly pulled into a different region of the Abyss!
Found 19 arrows.
Found a corrupted altar of Lugonu.
Found a gateway leading deeper into the Abyss.
There is a gateway leading deeper into the Abyss here.
There is a gateway leading deeper into the Abyss here.
You plunge deeper into the Abyss.
The abyssal rune of Zot can be found at this depth.
Found a corrupted altar of Lugonu. 😮 HP[+1]
a - an orange potion
g - an amulet of regeneration
Okay, then.
You can't wear anything.
You start putting on your amulet.
You continue putting on your amulet of regeneration. x5
You finish putting on your amulet of regeneration.
The amulet cannot attune itself to your injured body.
g - an amulet of regeneration (around neck) 😮 HP[+1]
b - a scroll labelled FADACK DU SENK A large abomination comes into view.
As you read the scroll labelled FADACK DU SENK, it crumbles to dust.
It is a scroll of amnesia.
You feel forgetful for a moment.
An anaconda skeleton comes into view. 😕 HP[+1]
A will-o-the-wisp comes into view.
You pass through the gate.
You can no longer depart the Abyss at will.
There is a staircase leading out of the dungeon here. 😕 MP[-1]
You lost 1 mp, and now have 2/3 mp.
Unknown command.
Your amulet attunes itself to your body as you begin to regenerate more quickly.
b - a scroll of teleportation {@r4} 😎 HP[+2] MP[+1]
Your hp is fully restored (10).
Your mp is fully restored (3).
A rat comes into view.
The helpless rat fails to defend itself.
You scratch the rat.
You kill the rat!
Lugonu accepts your kill.
No target in view!
No target in view!
Key pressed, stopping explore.
An endoplasm comes into view.
The endoplasm closely misses you.
You scratch the endoplasm but do no damage.
The endoplasm hits you. 😕 HP[-1]
You take 1 damage, and now have 9/10 hp.
You scratch the endoplasm.
The endoplasm barely misses you. 😎 HP[+1]
Your hp is fully restored (10).
You scratch the endoplasm. You bite the endoplasm.
An endoplasm is nearby!
You completely miss the endoplasm. The endoplasm hits you. 😮 HP[-3]
You take 3 damage, and now have 7/10 hp.
MASSIVE DAMAGE!! (PAUSE)
You scratch the endoplasm but do no damage.
You bite the endoplasm. The endoplasm freezes you.
You are frozen. 😮 HP[-1]
You take 1 damage, and now have 6/10 hp.
You scratch the endoplasm but do no damage.
The endoplasm freezes you.
You are frozen.
Ouch! That really hurt!
* * * LOW HITPOINT WARNING * * *
😱 HP[-4]
You take 4 damage, and now have 2/10 hp.
MASSIVE DAMAGE!! (PAUSE)
You completely miss the endoplasm. The endoplasm freezes you.
You are frozen.
Ouch! That really hurt!
You die...

Action                   || total
-------------------------++-------
Melee: Unarmed           ||     8
       Bite              ||     2
Invok: Depart the Abyss  ||     1
  Use: Scroll            ||     3
 Stab: Sleeping          ||     1
Dodge: Dodged            ||     8

Levels and vault maps discovered:
D:1:      saegor_arrival_simple_a, layout_loops_ring,
          hellmonk_ecumenical_altar_lost_god, minmay_tetromino_l4

Notes
Turn   | Place    | Note
-------+----------+-------------------------------------------
     0 | Abyss:1  | spiderkeys the Felid Abyssal Knight began the quest for the
                  | Orb.
     0 | Abyss:1  | Reached XP level 1. HP: 10/10 MP: 3/3
     0 | Abyss:1  | magus.rc [v1.9.10]
    59 | Abyss:2  | Noticed a small abomination
    67 | Abyss:2  | Noticed a komodo dragon
    78 | Abyss:2  | Noticed a jumping spider
    81 | Abyss:2  | Noticed a wind drake
    81 | Abyss:2  | a jumping spider changed into a wind drake
    84 | Abyss:2  | Noticed a large abomination
    84 | Abyss:2  | Noticed a sea snake
    84 | Abyss:2  | a wind drake changed into a sea snake
   107 | Abyss:2  | Noticed a chaos spawn
   119 | Abyss:2  | Noticed a smoke demon
   124 | Abyss:2  | Noticed a ynoxinul
   125 | Abyss:2  | Noticed an eye of devastation
   127 | Abyss:2  | Noticed a will-o-the-wisp
   129 | Abyss:2  | Found a corrupted altar of Lugonu.
   148 | Abyss:3  | Found a corrupted altar of Lugonu.
   225 | Abyss:3  | Noticed a large abomination
   240 | Abyss:3  | Noticed an anaconda skeleton
   245 | Abyss:3  | Noticed a will-o-the-wisp
   246 | D:1      | You pass through the gate.
   246 | D:1      | Escaped the Abyss
   359 | D:1      | HP: 2/10 [frozen (5)]
   360 | D:1      | Frozen to death by an endoplasm

Vanquished Creatures
  A rat (D:1)
1 creature vanquished.

Table legend:
 A = Non-vault XP
 B = Vault XP
 C = Vault XP percentage of total XP
 D = Non-vault monster count
 E = Vault monster count
 F = Vault count percentage of total count
                 A         B        C        D         E       F
            +---------+---------+-------+---------+---------+-------
      Total |       1 |       0 |   0.0 |       1 |       0 |   0.0
            +---------+---------+-------+---------+---------+-------
        D:1 |       1 |       0 |   0.0 |       1 |       0 |   0.0
            +---------+---------+-------+---------+---------+-------

Illustrated notes

Table legend:
 A = Kills in this place as a percentage of kills in entire the game.
 B = Kills by you in this place as a percentage of kills by you in the entire game.
 C = Kills by friends in this place as a percentage of kills by friends in the entire game.
 D = Other kills in this place as a percentage of other kills in the entire game.
 E = Experience gained in this place as a percentage of experience gained in the entire game.
 F = Experience gained in this place divided by the number of levels of this place that you have seen.
                   A       B       C       D       E      F
               +-------+-------+-------+-------+-------+----------------------
         Total | 100.0 | 100.0 |   N/A |   N/A | 100.0 |   0.2
       Dungeon | 100.0 | 100.0 |   N/A |   N/A | 100.0 |   1.0
               +-------+-------+-------+-------+-------+----------------------

Table legend: (Time is in decaauts)
 A = Elapsed time spent in this place.
 B = Non-inter-level travel time spent in this place.
 C = Inter-level travel time spent in this place.
 D = Time resting spent in this place.
 E = Time spent auto-exploring this place.
 F = Levels seen in this place.
 G = Mean time per level.
                   A        B        C        D        E       F      G
               +--------+--------+--------+--------+--------+-----+--------+
         Total |    306 |    306 |      0 |      0 |     95 |   4 |   76.5 |
       Dungeon |    104 |    104 |      0 |      0 |     91 |   1 |  104.0 |
         Abyss |    201 |    201 |      0 |      0 |      3 |   3 |   67.0 |
               +--------+--------+--------+--------+--------+-----+--------+

Top non-repeatable levels by time:
     D:1: 104 daAuts
 Abyss:2: 100 daAuts
 Abyss:3: 80 daAuts
 Abyss:1: 21 daAuts
